 Dungeon Crawl Stone Soup version 0.31-a0-200-gbc41564c69 (webtiles) character file.

Game seed: 2099125357203090920

77 qw the Shooter (level 4, -1/25 HPs)
             Began as a Deep Elf Hunter on June 25, 2023.
             Slain by a cerulean imp
             ... wielding a +2 spear
             ... summoned by Natasha
              (4 damage)
             ... on level 3 of the Dungeon.
             The game lasted 00:00:35 (1948 turns).

qw the Shooter (Deep Elf Hunter)                    Turns: 1948, Time: 00:00:36

Health: -1/25      AC:  5    Str: 14    XL:     4   Next: 13%
Magic:  6/6        EV: 11    Int: 14    God:
Gold:   104        SH:  0    Dex: 20    Spells: 3/3 levels left

rFire   . . .        a - +1 sling of the Wizarding Puffin {heavy, rN+}
rCold   . . .        (no shield)
rNeg    + . .        k - +0 ring mail
rPois   .            (no helmet)
rElec   .            (no cloak)
rCorr   .            (no gloves)
SInv    .            (no boots)
Will    .....        (no amulet)
Stlth   +            g - +6 ring of strength
HPRegen 0.24/turn    (no ring)
MPRegen 0.10/turn

%: no passive effects
@: no status effects
A: no striking features
a: no special abilities


You were on level 3 of the Dungeon.
You visited 1 branch of the dungeon, and saw 3 of its levels.

You collected 203 gold pieces.
You spent 99 gold pieces at shops.


   Skills:
 - Level 1.5 Fighting
 + Level 7.5 Ranged Weapons
 - Level 2.4 Dodging
 - Level 1.2 Stealth


You had 3 spell levels left.
You didn't know any spells.
Your spell library was empty.

Inventory:

Hand Weapons
 a - the +1 sling of the Wizarding Puffin (weapon) {heavy, rN+}
   (You found it on level 2 of the Dungeon)

   rN:        It protects you from negative energy.
 b - a +0 shortbow
Armour
 k - a +0 ring mail (worn)
Jewellery
 g - a +6 ring of strength (left hand)
Scrolls
 e - 2 scrolls of identify

Dungeon Overview and Level Annotations

Branches:
Dungeon (3/15)

Altars:
Yredelemnul

Shops:
D:2 [

Annotations:
D:3 Natasha


Message History

You see here a +0 whip.
You see here a jackal corpse.
You see here a jackal corpse.
Natasha hisses angrily.
Natasha mumbles some strange words.
Enter note:
Enter note: You shoot a sling bullet.
The sling bullet hits Natasha but does no damage.
You shoot a sling bullet. The sling bullet hits Natasha!
Natasha is severely wounded.
Natasha casts a spell at you. The magic dart hits you!
1937 ||| FLEEEEING.
Natasha casts a spell at you. The magic dart hits you.
You see here a jackal corpse.
1938 ||| FLEEEEING.
You see here a jackal corpse.
1939 ||| FLEEEEING.
1940 ||| STILL FLEEEEING.
1941 ||| FLEEEEING.
1942 ||| FLEEEEING.
Enter note:
Enter note:
1943 ||| STILL FLEEEEING.
1944 ||| STILL FLEEEEING.
1945 ||| STILL FLEEEEING.
You shoot a sling bullet.
The sling bullet barely misses the cerulean imp.
The cerulean imp hits you from afar with a +2 spear.
You shoot a sling bullet.
The sling bullet closely misses the cerulean imp.
The cerulean imp hits you from afar with a +2 spear.
Natasha casts a spell at you. The magic dart hits you.
You shoot a sling bullet.
The sling bullet closely misses the cerulean imp.
The cerulean imp hits you from afar with a +2 spear.
You die...

#...#....#.###.....#
#...#.####.# #.##..#
##.....#...:# #.##..#
###....###.#### #.#...#
....##.###'######.#.#.#
....##.##......##.#.#.#
....##............#...##
..<.#####......#..####.#
###.).....######@.#....#
######### #..#.##.#
#5....#.##
#######h#..#..#
####.).....#..##.#
#.##.##..###.....#
#.##.##..###.#####
#....#..%#...########
######.#%#..........#


You could see Natasha and a cerulean imp (summoned).

Vanquished Creatures
  4 adders
  5 endoplasms
  3 giant cockroaches
  5 goblins
  A hobgoblin (D:2)
  3 jackals (D:3)
  3 kobolds
  2 quokkas
  5 ball pythons
  3 bats
  A frilled lizard (D:2)
  A rat (D:3)
36 creatures vanquished.

Notes
Turn   | Place    | Note
-------+----------+-------------------------------------------
     0 | D:1      | qw the Deep Elf Hunter began the quest for the Orb.
     0 | D:1      | Reached XP level 1. HP: 12/12 MP: 3/3
     0 | D:1      | 0 ||| qw: Version: 0.3-a-22-g0ed2b0b
     0 | D:1      | 0 ||| qw: Game counter: 5689
     0 | D:1      | 0 ||| qw: Melee chars always use a shield: true
     0 | D:1      | 0 ||| qw: God list: Okawaru
     0 | D:1      | 0 ||| qw: Allow faded altars: false
     0 | D:1      | 0 ||| qw: Do Orc after clearing Dungeon:15 true
     0 | D:1      | 0 ||| qw: Do second Lair branch before Depths: true
     0 | D:1      | 0 ||| qw: Lair rune preference: random
     0 | D:1      | 0 ||| qw: Goals: Normal
     0 | D:1      | 0 ||| PLANNING D:1-11
   283 | D:1      | Reached XP level 2. HP: 16/16 MP: 4/4
   285 | D:1      | Reached skill level 6 in Ranged Weapons
   767 | D:1      | 767 ||| UPGRADING to +6 ring of strength.
   768 | D:1      | 768 ||| READING scroll labelled FYAFUIJOO.
   769 | D:1      | 769 ||| READING 3 scrolls labelled RECA YMEMOAXTAROC.
   770 | D:1      | 770 ||| READING scroll labelled QEGORH BENGIQ.
   771 | D:1      | 771 ||| DROPPING scroll of butterflies.
   826 | D:2      | Identified the +1 sling of the Wizarding Puffin {heavy,
                  | rN+}
   828 | D:2      | 828 ||| SWAPPING to +1 sling of the Wizarding Puffin
                  | {heavy, rN+}.
   998 | D:2      | Found a basalt altar of Yredelemnul.
  1197 | D:2      | Reached XP level 3. HP: 20/20 MP: 5/5
  1230 | D:2      | Reached skill level 7 in Ranged Weapons
  1243 | D:2      | Found Jell's Antique Armour Emporium.
  1252 | D:2      | 1252 ||| SHOPLISTING -2 hat of the Alchemist {rElec rPois
                  | rF+ rC+ rN+ Will+ rMut rCorr} (1274 gold, have 137).
  1252 | D:2      | 1252 ||| BUYING glowing robe (99 gold).
  1252 | D:2      | Bought a glowing robe for 99 gold pieces
  1252 | D:2      | 1252 ||| SHOPLISTING pair of boots (121 gold, have 38).
  1252 | D:2      | 1252 ||| SHOPLISTING ring mail (108 gold, have 38).
  1473 | D:2      | 1473 ||| UPGRADING to +2 robe of willpower.
  1483 | D:2      | 1483 ||| DROPPING +0 leather armour.
  1484 | D:2      | 1484 ||| UPGRADING to +0 ring mail.
  1494 | D:2      | 1494 ||| DROPPING +2 robe of willpower.
  1495 | D:2      | 1495 ||| READING scroll labelled ZIOLAGG ICKO.
  1496 | D:2      | 1496 ||| READING scroll labelled SAKAC UNIKUPH.
  1497 | D:2      | 1497 ||| READING 2 scrolls labelled POUVUITION.
  1498 | D:2      | 1498 ||| READING 4 scrolls of identify.
  1498 | D:2      | 1498 ||| IDENTIFYING yellow potion
  1499 | D:2      | 1499 ||| READING 3 scrolls of identify.
  1499 | D:2      | 1499 ||| IDENTIFYING fizzy golden potion
  1500 | D:2      | 1500 ||| DROPPING potion of brilliance.
  1501 | D:2      | 1501 ||| DROPPING scroll of poison.
  1503 | D:2      | 1503 ||| Stepping ~*~*~tactically~*~*~ (cloud).
  1504 | D:2      | 1504 ||| DRINKING potion of curing.
  1504 | D:2      | 1504 ||| (to cure poison)
  1769 | D:3      | Reached XP level 4. HP: 22/25 MP: 6/6
  1808 | D:3      | Noticed Natasha
  1819 | D:3      | 1819 ||| FLEEEEING.
  1820 | D:3      | 1820 ||| FLEEEEING.
  1937 | D:3      | 1937 ||| FLEEEEING.
  1938 | D:3      | 1938 ||| FLEEEEING.
  1939 | D:3      | 1939 ||| FLEEEEING.
  1941 | D:3      | 1941 ||| FLEEEEING.
  1942 | D:3      | 1942 ||| FLEEEEING.
  1947 | D:3      | HP: 2/25 [Natasha/magic dart (5)]
  1948 | D:3      | Slain by a cerulean imp

Levels and vault maps discovered:
D:1:      dpeg_arrival_more_subterranean_lakeside_camping, layout_basic
D:2:      layout_basic, serial_shops, shop, basic_altar
D:3:      layout_basic, nicolae_hepliaklqana_hippocampus,
          overflow_temple_1_default, uniq_natasha

Skill      XL: |  1  2  3 |
---------------+----------+-----
Ranged Weapons | 6 7 |  7.5
Fighting       | |  1.5
Dodging        | |  2.4
Stealth        | |  1.2

Action                     |  1- 3 |  4- 6 || total
---------------------------+-------+-------++-------
   Fire: Shortbow          |    16 |       ||    16
         Sling             |    61 |    17 ||    78
    Use: Scroll            |     8 |       ||     8
         Potion            |     1 |       ||     1
 Armour: Leather armour    |     3 |       ||     3
         Ring mail         |     2 |     6 ||     8
  Dodge: Dodged            |    20 |    13 ||    33

Table legend:
 A = Non-vault XP
 B = Vault XP
 C = Vault XP percentage of total XP
 D = Non-vault monster count
 E = Vault monster count
 F = Vault count percentage of total count
                 A         B        C        D         E       F
            +---------+---------+-------+---------+---------+-------
      Total |     110 |       0 |   0.0 |      36 |       0 |   0.0
            +---------+---------+-------+---------+---------+-------
        D:1 |      16 |       0 |   0.0 |       9 |       0 |   0.0
        D:2 |      64 |       0 |   0.0 |      17 |       0 |   0.0
        D:3 |      30 |       0 |   0.0 |      10 |       0 |   0.0
            +---------+---------+-------+---------+---------+-------
